 Dungeon Crawl Stone Soup version 0.29.1-12-g30fa7ad0bf (webtiles) character file.

Game seed: 403450863195580047

11572 wormed the Destroyer (level 11, -9/82 HPs)
             Began as a Demonspawn Fire Elementalist on Dec 22, 2022.
             Was an Initiate of Vehumet.
             Mangled by a freezing wraith (12 damage)
             ... on level 9 of the Dungeon on Dec 23, 2022.
             The game lasted 00:53:25 (16287 turns).

wormed the Destroyer (DsFE)                        Turns: 16287, Time: 00:53:25

Health: -9/82      AC:  8    Str:  9    XL:     11   Next: 51%
Magic:  19/20      EV: 16    Int: 21    God:    Vehumet [......]
Gold:   811        SH:  0    Dex: 13    Spells: 12/22 levels left

rFire   . . .      SeeInvis .   a - +3 dagger
rCold   + + .      Faith    .   (no shield)
rNeg    . . .      Spirit   .   k - +2 leather armour {rC+}
rPois   .          Reflect  .   p - +0 helmet
rElec   .          Harm     .   (no cloak)
rCorr   .          Rampage  .   l - +0 pair of gloves
Will    +....                   (no boots)
Stlth   ++........              H - amulet of regeneration
HPRegen 1.03/turn               K - ring of protection from cold
MPRegen 0.17/turn               N - ring of willpower

@: slowed, very slow
A: repulsion field 2, demonic guardian 1, demonic magic 1, demonic touch 1
a: Renounce Religion


You were on level 9 of the Dungeon.
You worshipped Vehumet.
Vehumet was noncommittal.
You visited 2 branches of the dungeon, and saw 11 of its levels.

You collected 811 gold pieces.

Inventory:

Hand Weapons
 a - a +3 dagger (weapon)
 R - a +2 vampiric whip
Missiles
 y - a throwing net
Armour
 k - a +2 leather armour of cold resistance (worn)
 l - a +0 pair of gloves (worn)
 p - a +0 helmet (worn)
Magical Staves
 F - a staff of death
Jewellery
 w - an amulet of reflection
 x - an amulet of guardian spirit
 H - an amulet of regeneration (around neck)
 K - a ring of protection from cold (left hand)
 N - a ring of willpower (right hand)
 S - the ring "Xuteg" {Will+ Int+6}
   (You found it on level 10 of the Dungeon)

   [ring of intelligence]

   Int:       It affects your intelligence (+6).
   Will:      It increases your willpower.
Wands
 d - a wand of mindburst (8)
 n - a wand of acid (10)
 o - a wand of flame (47)
 v - a wand of roots (12)
 M - a wand of charming (9)
Scrolls
 c - a scroll of fear {unknown}
 e - a scroll of acquirement {unknown}
 f - 2 scrolls of brand weapon {unknown}
 g - a scroll of magic mapping {unknown}
 h - a scroll of poison {unknown}
 j - 3 scrolls of teleportation
 m - 4 scrolls of enchant armour {unknown}
 t - 3 scrolls of blinking {unknown}
 u - a scroll of vulnerability {unknown}
 C - a scroll of fog {unknown}
 D - 3 scrolls of noise {unknown}
 O - a scroll of enchant weapon {unknown}
 P - 2 scrolls of identify
 Q - 2 scrolls of amnesia {unknown}
Potions
 b - 2 potions of magic
 i - a potion of cancellation {unknown}
 q - 3 potions of flight
 r - 2 potions of mutation
 s - 2 potions of invisibility
 z - 2 potions of ambrosia
 A - a potion of curing
 B - 3 potions of berserk rage
 E - 2 potions of degeneration
 G - a potion of brilliance
 I - 5 potions of heal wounds {unknown}
 J - 2 potions of resistance {unknown}
 L - a potion of attraction {unknown}
 T - a potion of might {unknown}


   Skills:
 + Level 6.3 Fighting
 + Level 5.9 Armour
 - Level 6.0 Dodging
 - Level 1.7 Stealth
 + Level 6.2 Spellcasting
 * Level 9.5 Conjurations
 * Level 9.0 Fire Magic


You had 12 spell levels left.
You knew the following spells:

 Your Spells              Type           Power      Damage    Failure   Level
a - Foxfire               Conj/Fire      100%       2x1d9     1%          1
b - Scorch                Fire           88%        2d9       1%          2
c - Flame Wave            Conj/Fire      45%        2d12      2%          4
d - Inner Flame           Hex/Fire       25%        N/A       6%          3

Your spell library contained the following spells:

 Spells                   Type           Power      Damage    Failure   Level
 Conjure Flame            Conj/Fire      45%        6-21      1%          3
 Static Discharge         Conj/Air       26%        3-7/arc   2%          2
 Sticky Flame             Conj/Fire      45%        2d6       2%          4
 Ignite Poison            Fire/Tmut/Pois 19%        N/A       11%         3
 Apportation              Tloc           12%        N/A       13%         1
 Fulminant Prism          Conj/Hex       13%        3d9       19%         4
 Iskenderun's Mystic Bla  Conj/Tloc      26%        2d7       19%         4
 Frozen Ramparts          Ice            12%        1d2       36%         3
 Gell's Gravitas          Tloc           6%         N/A       36%         3
 Lesser Beckoning         Tloc           6%         N/A       36%         3
 Teleport Other           Tloc           6%         N/A       36%         3
 Lightning Bolt           Conj/Air       13%        1d26      45%         5
 Ice Form                 Ice/Tmut       6%         N/A       77%         4
 Summon Ice Beast         Ice/Summ       6%         N/A       77%         4
 Conjure Ball Lightning   Conj/Air       13%        3x3d6     95%         6
 Alistair's Intoxication  Tmut/Pois      4%         N/A       98%         5
 Lee's Rapid Deconstruct  Erth           3%         3d6*      98%         5
 Summon Cactus Giant      Summ           3%         N/A       100%        6
 Discord                  Hex            3%         N/A       100%        8
 Disjunction              Tloc           3%         N/A       100%        8
 Maxwell's Capacitive Co  Air            3%         ∞         100%        8


Dungeon Overview and Level Annotations

Branches:
Dungeon (10/15)            Temple (1/1) D:7
   Lair: D:8-11         Orc: D:9-12

Altars:
Ashenzari
Cheibriados
Dithmenos
Fedhas
Gozag
Hepliaklqana
Kikubaaqudgha
Makhleb
Nemelex Xobeh
Okawaru
Qazlal
Ru
Sif Muna
Trog
Uskayaw
Vehumet
Wu Jian
Xom
Yredelemnul

Shops:
D:2 :   D:3 *

Annotations:
D:4 Pikel
D:9 exclusion: statue
D:10 Gastronok; mandoloar's ghost, novice FeSu


Innate Abilities, Weirdness & Mutations

You are surrounded by a moderate repulsion field. (EV +3)
A weak demonic guardian rushes to your aid.
Spells you cast may paralyse adjacent enemies.
Your touch may inflict minor irresistible damage on your foes.


Message History

The foxfire hits the freezing wraith but does no damage.
The freezing wraith is severely damaged.
The foxfire hits the freezing wraith but does no damage.
The freezing wraith is severely damaged.
Your ufetubus hits the freezing wraith but does no damage.
Your ufetubus misses the freezing wraith.
Your ufetubus hits the freezing wraith.
Your ufetubus closely misses the freezing wraith.
The freezing wraith hits your ufetubus!
Your ufetubus dies!
Your ufetubus disappears in a puff of smoke!
Casting: Foxfire (safe; 1% risk of failure)
Confirm with . or Enter, or press ? or * to list all spells.
You don't have enough magic to cast this spell.
The foxfire hits the freezing wraith but does no damage.
The freezing wraith is almost destroyed.
The foxfire hits the freezing wraith but does no damage.
The freezing wraith is almost destroyed.
The freezing wraith hits you!
* * * LOW HITPOINT WARNING * * *
The freezing wraith freezes you. You resist.
* * * LOW HITPOINT WARNING * * *
The freezing wraith barely misses you.
Casting: Foxfire (safe; 1% risk of failure)
Confirm with . or Enter, or press ? or * to list all spells.
You don't have enough magic to cast this spell.
Magic courses through your body.
The freezing wraith hits you but does no damage.
The freezing wraith hits you!
* * * LOW HITPOINT WARNING * * *
The freezing wraith drains your vigour!
You feel as though you will be slow longer.
Casting: Scorch (safe; 1% risk of failure)
Press: ? - help, Q - select action, (/) - cycle Dir - look around, f - activate Flames lash the freezing wraith.
The freezing wraith is burned terribly!
The freezing wraith is almost destroyed.
The freezing wraith's fire resistance burns away.
Malevolent energies surge around you.
The freezing wraith misses you. x2; The freezing wraith hits you!
You die...

#......#######.....
#......# #.....
#####'## #..... ####.#
###'## #.>..# #..#
#####'###### #.##
#..........# #.#
#....W..§.[# #.# #
#....@.>...# #.# #
#..........# #.# #
#..........#######.###
#......<...'..........
#..........#######.###
#..........# #.#
#..........# #.#
##'######### #.#
#....# #.#


You could see a freezing wraith (combustible).

Vanquished Creatures
  3 two-headed ogres
  A manticore (D:9)
  Joseph (D:8)
  Maggie (D:9)
  5 trolls (D:9)
  Grinder (D:4)
  4 shadows
  A wraith (D:9)
  3 wyverns (D:8)
  7 yaks
  4 steam dragons
  A vampire (D:9)
  Menkaure (D:6)
  2 water moccasins
  An acid dragon (D:9)
  2 black bears
  Duvessa (D:7)
  7 orc warriors
  A sky beast (D:7)
  An ogre (D:5)
  2 centaurs
  3 lemures
  3 bullfrogs
  7 scorpions
  A necrophage (D:8)
  Dowan (D:7)
  6 wights
  13 killer bees
  An electric eel (D:7)
  2 jellies
  4 orc priests
  A hound (D:4)
  3 iguanas
  Jessica (D:2)
  12 orc wizards
  Robin (D:2)
  6 adders
  3 shadow imps
  2 worms (D:2)
  5 dart slugs
  28 orcs
  9 endoplasms
  2 giant cockroaches
  20 goblins
  9 hobgoblins
  4 jackals
  3 quokkas
  3 ball pythons
  7 bats
  3 frilled lizards
  3 kobolds
  4 rats
220 creatures vanquished.

Vanquished Creatures (collateral kills)
  A centaur warrior (D:9)
  An orc wizard (D:8)
2 creatures vanquished.

Vanquished Creatures (others)
  415 foxfires
  3 toadstools (D:6)
418 creatures vanquished.

Grand Total: 640 creatures vanquished

Notes
Turn   | Place    | Note
-------+----------+-------------------------------------------
     0 | D:1      | wormed the Demonspawn Fire Elementalist began the quest for
                  | the Orb.
     0 | D:1      | Reached XP level 1. HP: 13/13 MP: 3/3
   234 | D:1      | Found a faded altar of an unknown god.
   393 | D:1      | Gained mutation: Spells you cast may paralyse adjacent
                  | enemies. [demonic ancestry]
   393 | D:1      | Reached XP level 2. HP: 20/20 MP: 1/5
   969 | D:2      | Found Onlisiaf's Book Emporium.
   984 | D:2      | Reached XP level 3. HP: 25/25 MP: 1/6
  1037 | D:2      | Noticed Jessica
  1050 | D:2      | Killed Jessica
  1051 | D:2      | Reached skill level 1 in Fighting
  1233 | D:2      | Gained mutation: You are surrounded by a mild repulsion
                  | field. (EV +2) [demonic ancestry]
  1233 | D:2      | Reached XP level 4. HP: 32/32 MP: 4/7
  1283 | D:2      | Found a sacrificial altar of Ru.
  2128 | D:3      | Found Yjenul's General Store.
  2285 | D:3      | Reached skill level 1 in Armour
  2659 | D:3      | Found a stormy altar of Qazlal.
  2664 | D:3      | Found a snail-covered altar of Cheibriados.
  2859 | D:3      | Noticed Robin
  3124 | D:2      | Killed Robin
  3125 | D:2      | Reached XP level 5. HP: 37/37 MP: 0/8
  3339 | D:3      | Found an iron altar of Okawaru.
  3449 | D:4      | Learned a level 2 spell: Scorch
  4195 | D:4      | Gained mutation: A weak demonic guardian rushes to your
                  | aid. [demonic ancestry]
  4195 | D:4      | Reached XP level 6. HP: 44/44 MP: 4/10
  4632 | D:4      | Noticed Grinder
  4650 | D:4      | Paralysed by Grinder for 2 turns
  4654 | D:4      | Killed Grinder
  4655 | D:4      | Gained mutation: Your touch may inflict minor irresistible
                  | damage on your foes. [demonic ancestry]
  4655 | D:4      | Reached XP level 7. HP: 13/51 MP: 0/11
  4887 | D:4      | Found a sparkling altar of Nemelex Xobeh.
  5216 | D:4      | Noticed Pikel
  6004 | D:5      | Entered Level 5 of the Dungeon
  6083 | D:5      | Found a shimmering blue altar of Sif Muna.
  6169 | D:5      | Found a sacrificial altar of Ru.
  6200 | D:5      | You fall into a shaft and drop 1 floor!
  6454 | D:5      | Found a hazy altar of Hepliaklqana.
  7033 | D:5      | Reached XP level 8. HP: 57/57 MP: 6/13
  7105 | D:5      | Reached skill level 5 in Fire Magic
  7206 | D:5      | Reached skill level 5 in Conjurations
  7384 | D:5      | Found a basalt altar of Yredelemnul.
  7837 | D:6      | Noticed Menkaure
  7850 | D:6      | Killed Menkaure
  7979 | D:6      | HP: 2/58 [something/ball of steam (14)]
  8442 | D:6      | Found an opulent altar of Gozag.
  9111 | D:6      | Gained mutation: You are surrounded by a moderate repulsion
                  | field. (EV +3) [demonic ancestry]
  9111 | D:6      | Reached XP level 9. HP: 37/65 MP: 5/15
  9116 | D:6      | Learned a level 4 spell: Flame Wave
  9120 | D:6      | Learned a level 3 spell: Inner Flame
  9691 | D:7      | Found a staircase to the Ecumenical Temple.
  9704 | Temple   | Entered the Ecumenical Temple
 10109 | D:7      | Noticed Duvessa
 10109 | D:7      | Noticed Dowan
 10113 | D:7      | Killed Duvessa
 10129 | D:7      | Killed Dowan
 10738 | D:7      | Found an ancient bone altar of Kikubaaqudgha.
 10747 | D:7      | Identified the +4 war axe of Bankruptcy {vorpal, rCorr
                  | Int+5}
 11112 | D:7      | Found a bloodstained altar of Trog.
 11465 | D:8      | Noticed Joseph
 11480 | D:8      | Killed Joseph
 11994 | D:7      | Reached XP level 10. HP: 57/73 MP: 1/17
 11997 | D:7      | Reached skill level 5 in Spellcasting
 12330 | D:8      | Found a broken altar of Ashenzari.
 12388 | D:8      | Reached skill level 5 in Dodging
 12436 | D:8      | Reached skill level 5 in Fighting
 12538 | D:8      | Found a blossoming altar of Fedhas.
 12996 | D:9      | Reached skill level 5 in Armour
 13032 | D:9      | Noticed a centaur warrior
 13040 | D:9      | Killed a centaur warrior
 13124 | D:9      | Noticed a manticore
 13222 | D:9      | Found a shadowy altar of Dithmenos.
 13262 | D:9      | Noticed a two-headed ogre
 13318 | D:9      | Noticed a two-headed ogre
 13325 | D:9      | Killed a two-headed ogre
 13349 | D:9      | Killed a manticore
 13350 | D:9      | Reached XP level 11. HP: 60/81 MP: 2/19
 13677 | D:9      | Killed a two-headed ogre
 14038 | D:9      | Noticed Maggie
 14047 | D:9      | Killed Maggie
 14169 | D:9      | Found a radiant altar of Vehumet.
 14177 | D:9      | Became a worshipper of Vehumet
 14689 | D:9      | Noticed a skeletal warrior
 15107 | D:10     | Entered Level 10 of the Dungeon
 15355 | D:10     | Found a runed translucent gate.
 15355 | D:10     | Found a runed translucent gate.
 15355 | D:10     | Found a runed translucent gate.
 15359 | D:10     | Noticed mandoloar's ghost (novice FeSu)
 15376 | D:10     | Identified the ring "Xuteg" {Will+ Int+6}
 15631 | D:10     | Noticed a white ugly thing
 15631 | D:10     | Noticed a green ugly thing
 15631 | D:10     | Noticed Gastronok
 15632 | D:10     | Noticed a centaur warrior
 15632 | D:10     | Noticed a white ugly thing
 15676 | D:10     | Noticed a two-headed ogre
 15806 | D:10     | Killed a two-headed ogre
 15849 | D:10     | Noticed an orc knight
 16110 | D:10     | Found a burning altar of Makhleb.
 16110 | D:10     | Noticed a blizzard demon
 16286 | D:9      | HP: 2/82 [freezing wraith (8)]
 16287 | D:9      | Mangled by a freezing wraith

Illustrated notes

Levels and vault maps discovered:
D:1:      kennysheep_arrival_forest, layout_basic,
          shapermc_ecumenical_altar_mp_ritualfount,
          corexii_item_surrounded_by_moat
D:2:      layout_basic, basic_altar, serial_shops, shop_fountains,
          grunt_decor_cap, uniq_jessica
D:3:      layout_basic, grunt_temple_overflow_open, okawaru_ov_weapons_minmay,
          serial_shops, nicolae_diamond_shop, uniq_robin
D:4:      layout_basic, lemuel_round_altar, minmay_goblin_kobold_house,
          uniq_grinder, uniq_pikel
D:5:      minmay_chambers_of_fours, layout_basic, mainiacjoe_overflow_catwalk,
          general_overflow_altar, mainiacjoe_overflow_catch_the_wave,
          minmay_misc_feat_rugged, minmay_misc_feat_cross
D:6:      layout_loops_ring, mainiacjoe_overflow_alcove_4, serial_rivers,
          chequers_serial_rivers_micro_a, chequers_serial_rivers_micro_a,
          chequers_serial_rivers_room_a, chequers_serial_rivers_large_a,
          minmay_gold_behind_fungi, uniq_menkaure
D:7:      layout_loops_corners, mainiacjoe_overflow_alcove_2,
          trog_butcher_becter, minmay_temple_entry_grid, nrook_pool_corridor,
          grunt_decor_junction, uniq_duvessa
D:8:      layout_rooms, ashenzari_conservatory_becter, lemuel_round_altar,
          uniq_joseph
D:9:      layout_roguey, vehumet_statue, grunt_dithmenos_shadows,
          nzn_random_ring, uniq_maggie
D:10:     layout_loops_ring, makhleb_altar_promises_db,
          gammafunk_ghost_spectres, minivault_12, uniq_gastronok
Temple:   hellmonk_temple_beads

Skill      XL: |  1  2  3  4  5  6  7  8  9 10 11 |
---------------+----------------------------------+-----
Fire Magic     | 3 4 6 7 8 9 |  9.0
Fighting       | 1 2 3 4 5 6 |  6.3
Dodging        | 2 3 4 5 6 |  6.0
Conjurations   | 2 3 4 6 7 8 9 |  9.5
Armour         | 1 2 3 4 5 |  5.9
Spellcasting   | 3 4 5 6 |  6.2
Stealth        | |  1.7

Action                   |  1- 3 |  4- 6 |  7- 9 | 10-12 || total
-------------------------+-------+-------+-------+-------++-------
Melee: Dagger            |       |    24 |    18 |    14 ||    56
       Punch             |       |     1 |     1 |       ||     2
       Touch             |       |       |     3 |     6 ||     9
       Whip              |       |       |       |    16 ||    16
 Cast: Foxfire           |    45 |    98 |    54 |    51 ||   248
       Scorch            |       |    17 |   149 |   123 ||   289
       Inner Flame       |       |       |    13 |    28 ||    41
  Use: Potion            |       |     2 |     4 |     2 ||     8
       Scroll            |       |       |     7 |     1 ||     8
 Stab: Distracted        |       |     1 |       |       ||     1
       Paralysed         |       |       |     3 |     6 ||     9
Armor: Leather armour    |       |    44 |    24 |    24 ||    92
       Skin              |       |     6 |       |       ||     6
Dodge: Dodged            |    10 |    93 |    57 |    87 ||   247
